 Dungeon Crawl Stone Soup version 0.18.1-48-g4cf74bf (webtiles) character file.

47 kosy22 the Caller (level 3, 0/19 HPs)
             Began as a Merfolk Summoner on Aug 18, 2016.
             Was an Initiate of Makhleb.
             Slain by an adder (3 damage)
             ... on level 3 of the Dungeon.
             The game lasted 00:18:03 (3008 turns).

kosy22 the Caller (Merfolk Summoner)                Turns: 3008, Time: 00:18:04

Health: 0/19       AC:  4    Str:  8    XL:     3   Next: 70%
Magic:  2/7        EV: 12    Int: 15    God:    Makhleb [......]
Gold:   131        SH:  0    Dex: 14    Spells: 3 memorised, 1 level left

rFire  . . .     SeeInvis .     s - wand of lightning (13/15)
rCold  . . .     Gourm    .     l - +0 leather armour
rNeg   . . .     Faith    .     (no shield)
rPois  .         Spirit   .     k - +0 helmet
rElec  .         Dismiss  +     (no cloak)
rCorr  .         Reflect  .     (no gloves)
SustAt .         Harm     .     (no boots)
MR     .....                    g - amulet of dismissal
Stlth  ++........               (no ring)
                                (no ring)

@: lethally poisoned (0 -> -4), not resistant to hostile enchantments,
unstealthy
A: change form in water, swift swim, fangs 1, frail 2
a: Renounce Religion


You were on level 3 of the Dungeon.
You worshipped Makhleb.
Makhleb was noncommittal.
You were not hungry.

You visited 1 branch of the dungeon, and saw 3 of its levels.

You collected 131 gold pieces.

Inventory:

Armour
 a - a +0 robe
 k - a +0 helmet (worn)
 l - a +0 leather armour (worn)
Jewellery
 g - an amulet of dismissal (around neck)
Wands
 s - a wand of lightning (13/15) (in hand)
Potions
 e - 2 potions of mutation
 h - 2 potions of might
 m - a potion of curing {unknown}
 n - a potion of haste {unknown}
 p - 2 potions of cancellation
 q - 2 potions of lignification {unknown}
 v - a potion of brilliance {unknown}
 w - a potion of heal wounds {unknown}
Books
 b - a book of Callings

   Spells                             Type                      Level
   a - Summon Small Mammal            Summoning                    1
   b - Call Imp                       Summoning                    2
   c - Call Canine Familiar           Summoning                    3
   d - Summon Guardian Golem          Hexes/Summoning              3
   e - Summon Lightning Spire         Summoning/Air                4
   f - Summon Ice Beast               Ice/Summoning                4
Comestibles
 c - a bread ration
 o - a slice of pizza
 x - a meat ration


   Skills:
 + Level 0.8 Armour
 + Level 3.0 Dodging
 + Level 2.7 Stealth
 + Level 2.7 Spellcasting
 + Level 4.2 Summonings


You had one spell level left.
You knew the following spells:

 Your Spells              Type           Power        Failure   Level  Hunger
a - Summon Small Mammal   Summ           ##..         8%          1    #......
b - Call Imp              Summ           ##......     10%         2    ##.....
c - Call Canine Familiar  Summ           ##......     17%         3    ###....


Dungeon Overview and Level Annotations

Branches:
Dungeon (3/15)

Altars:
Fedhas
Makhleb
Pakellas


Innate Abilities, Weirdness & Mutations

You revert to your normal form in water.
You are very nimble and swift while swimming.
You have very sharp teeth.
You are very frail (-20% HP).


Message History

Drink which item? (? for menu, Esc to quit)
It was a potion of mutation.
You feel extremely strange.
You feel frail. x2; Your teeth lengthen and sharpen.
The giant gecko barely misses you. The adder misses you.
The giant gecko misses you. The adder bites you.
* * * LOW HITPOINT WARNING * * *
You are lethally poisoned!
The adder poisons you!
Wield which item (- for none, * to show all)? (? for menu, Esc to quit)
Okay, then.
Drink which item? (? for menu, Esc to quit)
It was a potion of cancellation.
Your magical contamination has completely faded away.
You feel magically purged.
* * * LOW HITPOINT WARNING * * *
You feel sick. The adder closely misses you. The giant gecko misses you.
The giant gecko bites you.
* * * LOW HITPOINT WARNING * * *
The adder bites you.
You die...

#############
##.....#.....## ###
##.............##..
#.....l@..........
#.....SlS.......#
#.....5.........#
#...............#
###...............#
#......!...?.....?#
#..............g.## ###
#.........#....†.#.....
#...###.......<........#


You could see 2 adders, 2 giant geckos, a hobgoblin and a friendly crimson imp.

Vanquished Creatures
  A giant gecko (D:1)
  A hobgoblin (D:1)
  2 bats
  A kobold (D:1)
5 creatures vanquished.

Vanquished Creatures (collateral kills)
  4 adders (D:2)
  A worm (D:2)
  A dart slug (D:1)
  3 bats
  2 giant cockroaches (D:1)
  6 goblins
  6 hobgoblins
  2 kobolds (D:1)
  2 quokkas
  A ball python (D:2)
  3 giant newts (D:2)
  4 rats
35 creatures vanquished.

Vanquished Creatures (others)
  A giant gecko (D:1)
  A hobgoblin (D:1)
  A kobold (D:1)
3 creatures vanquished.

Grand Total: 43 creatures vanquished

Notes
Turn   | Place    | Note
--------------------------------------------------------------
     0 | D:1      | kosy22 the Merfolk Summoner began the quest for the Orb.
     0 | D:1      | Reached XP level 1. HP: 13/13 MP: 3/3
   949 | D:1      | Reached XP level 2. HP: 12/19 MP: 1/5
   953 | D:1      | Learned a level 2 spell: Call Imp
  1942 | D:2      | Found a blossoming altar of Fedhas.
  1971 | D:2      | Reached XP level 3. HP: 15/24 MP: 2/6
  1989 | D:2      | Found a burning altar of Makhleb.
  1989 | D:2      | Noticed a cacodemon
  1995 | D:2      | Noticed a hellwing
  1995 | D:2      | Noticed a smoke demon
  1997 | D:2      | Became a worshipper of Makhleb the Destroyer
  2395 | D:2      | Learned a level 3 spell: Call Canine Familiar
  2430 | D:2      | Found an oddly glowing altar of Pakellas.
  2538 | D:2      | Found a faded altar to an unknown god.
  3007 | D:3      | Gained mutation: You are frail (-10% HP). [potion of mutation]
  3007 | D:3      | Gained mutation: You are very frail (-20% HP). [potion of mutation]
  3007 | D:3      | Gained mutation: You have very sharp teeth. [potion of mutation]
  3008 | D:3      | Slain by an adder

Skill      XL: |  1  2  3 |
---------------+----------+-----
Dodging        | 3 |  3.0
Armour         | |  0.8
Stealth        | |  2.7
Spellcasting   | |  2.7
Summonings     | |  4.2

Action                   || total
-------------------------++-------
Melee: Unarmed           ||    39
 Cast: Summon Small Mamm ||    27
       Call Imp          ||    23
       Call Canine Famil ||     2
Evoke: Wand              ||     1
  Use: Scroll            ||     7
       Potion            ||     2
 Stab: Distracted        ||     2
  Eat: Chunk             ||     7
       Fruit             ||     2
Armor: Robe              ||     3
       Leather armour    ||    60
Dodge: Dodged            ||   186
